 Dungeon Crawl Stone Soup version 0.30.0-20-g3615ddf2f0 (webtiles) character file.

Game seed: 15238911916179636592

324 qw the Trooper (level 6, -2/40 HPs)
             Began as a Gargoyle Fighter on June 1, 2023.
             Slain by a steam dragon (4 damage)
             ... on level 4 of the Dungeon.
             The game lasted 00:01:20 (2729 turns).

qw the Trooper (Gargoyle Fighter)                   Turns: 2729, Time: 00:01:20

Health: -2/40      AC: 11    Str: 21    XL:     6   Next: 48%
Magic:  6/6        EV:  9    Int:  9    God:
Gold:   271        SH:  4    Dex:  9    Spells: 5/5 levels left

rFire   . . .        Y - +0 war axe
rCold   . . .        c - +0 buckler
rNeg    + . .        b - +0 scale mail
rPois   inf          (no helmet)
rElec   +            (no cloak)
rCorr   .            (no gloves)
SInv    .            (no boots)
Will    .....        (no amulet) Stlth
                     (no ring)
HPRegen 0.26/turn    (no ring)
MPRegen 0.10/turn

%: no passive effects
@: about to teleport
A: sickness immunity, AC +4, negative energy resistance 1, electricity
resistance, torment resistance 1, petrification resistance
a: no special abilities


You were on level 4 of the Dungeon.
You visited 1 branch of the dungeon, and saw 4 of its levels.

You collected 271 gold pieces.


Innate Abilities, Weirdness & Mutations

You are immune to sickness and miasma.
Your stone body is resilient. (AC +4)
You are immune to poison.
You resist negative energy. (rN+)
You are resistant to electric shocks. (rElec)
You are resistant to unholy torment.
You are immune to petrification.


   Skills:
 - Level 5.2 Fighting
 - Level 5.0 Axes
 - Level 3.2 Armour
 + Level 0.1 Dodging
 - Level 3.2 Shields


You had 5 spell levels left.
You didn't know any spells.
Your spell library was empty.

Inventory:

Hand Weapons
 a - a +0 mace
 Y - a +0 war axe (weapon)
Armour
 b - a +0 scale mail (worn)
 c - a +0 buckler (worn)
Scrolls
 e - a scroll of magic mapping {unknown}
 g - a scroll of enchant armour {unknown}
Potions
 d - a potion of might
 f - a potion of haste {unknown}

Dungeon Overview and Level Annotations

Branches:
Dungeon (4/15)
 Temple: D:4-7

Altars:


Message History

Found a stone staircase leading down.
The steam dragon breathes steam at you. The ball of steam hits you!
2720 ||| Stepping ~*~*~tactically~*~*~ (cloud).
You float gracefully downwards.
Found an escape hatch in the ceiling.
Found a scroll labelled VUDOXT QETIALLU.
Found a stone staircase leading up.
The steam dragon closely misses you. The steam dragon barely misses you.
You closely miss the steam dragon. The steam dragon closely misses you.
The steam dragon claws you. The steam dragon barely misses you.
The steam dragon claws you but does no damage.
You hit the steam dragon.
The steam dragon is lightly wounded.
The steam dragon bites you but does no damage.
You block the steam dragon's attack.
You hit the steam dragon but do no damage.
The steam dragon is lightly wounded.
The steam dragon closely misses you. You block the steam dragon's attack.
You slash the steam dragon!
The steam dragon is moderately wounded.
The steam dragon breathes steam at you. The ball of steam hits you!
You closely miss the steam dragon.
The steam dragon is moderately wounded.
You are engulfed in a cloud of scalding steam.
The steam dragon barely misses you. x2
The steam dragon bites you but does no damage.
The steam dragon claws you but does no damage.
You hit the steam dragon.
The steam dragon is heavily wounded.
You are engulfed in a cloud of scalding steam.
The steam dragon bites you but does no damage.
The steam dragon closely misses you.
2729 ||| READING scroll of teleportation.
As you read the scroll of teleportation, it crumbles to dust.
You feel strangely unstable. The steam dragon bites you.
You die...

...?........<.
..........)..
............##
....)........#
.<...........+
.........¤...#
......¤.¤....##
..>....@...##.##
....#$D¤¤......## #
##.#........##
#...........##+##
#...#.............
#..##..........###.
....
#.<........#...
#.##.
#............# #..
# #..........###


You could see a steam dragon.

Vanquished Creatures
  Sigmund (D:3)
  7 gnolls (D:3)
  2 adders (D:2)
  2 worms (D:3)
  3 dart slugs
  5 orcs (D:3)
  6 bats
  4 endoplasms
  2 giant cockroaches
  2 goblins
  6 hobgoblins
  4 jackals
  6 kobolds
  7 quokkas
  3 ball pythons
  2 frilled lizards
  2 rats
64 creatures vanquished.

Notes
Turn   | Place    | Note
-------+----------+-------------------------------------------
     0 | D:1      | qw the Gargoyle Fighter began the quest for the Orb.
     0 | D:1      | Reached XP level 1. HP: 14/14 MP: 1/1
     0 | D:1      | 0 ||| qw: Version: 0.2-a-102-gfc559e5
     0 | D:1      | 0 ||| qw: Game counter: 653
     0 | D:1      | 0 ||| qw: Always use a shield: true
     0 | D:1      | 0 ||| qw: God list: Okawaru
     0 | D:1      | 0 ||| qw: Allow faded altars: false
     0 | D:1      | 0 ||| qw: Do Orc after D:15 true
     0 | D:1      | 0 ||| qw: Do second Lair branch before Depths: true
     0 | D:1      | 0 ||| qw: Lair rune preference: random
     0 | D:1      | 0 ||| qw: Plans: Normal, Zot:1-4, Slime:5, God:TSO, Crypt,
                  | Tomb, Pan, Hells, Abyss, Win
     0 | D:1      | 0 ||| PLANNING D:1-11
   208 | D:1      | Reached XP level 2. HP: 19/19 MP: 2/2
   309 | D:1      | 309 ||| Stepping ~*~*~tactically~*~*~ (hiding).
   891 | D:1      | 891 ||| READING scroll labelled VOPNUQ HINNE.
   958 | D:2      | Reached skill level 3 in Axes
   958 | D:2      | Reached XP level 3. HP: 20/23 MP: 3/3
   980 | D:2      | 980 ||| DROPPING +0 club.
  1396 | D:2      | 1396 ||| Stepping ~*~*~tactically~*~*~ (hiding).
  1528 | D:2      | 1528 ||| READING 2 scrolls labelled CAFOUKHLOEVO.
  1529 | D:2      | 1529 ||| DRINKING 2 grey potions.
  1530 | D:2      | 1530 ||| DRINKING 2 glowing amethyst potions.
  1531 | D:2      | 1531 ||| DRINKING potion of curing.
  1531 | D:2      | 1531 ||| (to cure confusion)
  1532 | D:2      | 1532 ||| DRINKING 2 green potions.
  1533 | D:2      | 1533 ||| DROPPING potion of ambrosia.
  1534 | D:2      | 1534 ||| DROPPING scroll of fear.
  1613 | D:3      | Reached XP level 4. HP: 28/28 MP: 4/4
  1676 | D:3      | Found a faded altar of an unknown god.
  1735 | D:3      | 1735 ||| Stepping ~*~*~tactically~*~*~ (stealth).
  1739 | D:3      | 1739 ||| Stepping ~*~*~tactically~*~*~ (stealth).
  1786 | D:3      | HP: 6/28 [gnoll/+0 whip (3)]
  1786 | D:3      | HP: 1/28 [gnoll/+0 club (3)]
  1787 | D:3      | 1787 ||| DRINKING potion of heal wounds.
  2024 | D:3      | 2024 ||| Stepping ~*~*~tactically~*~*~ (stealth).
  2025 | D:3      | 2025 ||| Stepping ~*~*~tactically~*~*~ (stealth).
  2036 | D:3      | Reached XP level 5. HP: 25/32 MP: 5/5
  2043 | D:3      | HP: 8/32 [gnoll/+0 whip (4)]
  2399 | D:3      | Noticed Sigmund
  2407 | D:3      | Killed Sigmund
  2408 | D:3      | Reached XP level 6. HP: 24/40 MP: 6/6
  2672 | D:3      | 2672 ||| DROPPING ring of flight.
  2673 | D:3      | 2673 ||| READING scroll labelled UTWUYCW WOENUME.
  2674 | D:3      | 2674 ||| READING 2 scrolls labelled JUSONW XAINWISH.
  2679 | D:3      | 2679 ||| DRINKING 2 glowing brown potions.
  2680 | D:3      | 2680 ||| DROPPING potion of flight.
  2718 | D:4      | Noticed a steam dragon
  2720 | D:4      | 2720 ||| Stepping ~*~*~tactically~*~*~ (cloud).
  2728 | D:4      | HP: 1/40 [steam dragon] (12)]
  2729 | D:4      | 2729 ||| READING scroll of teleportation.
  2729 | D:4      | Slain by a steam dragon

Levels and vault maps discovered:
D:1:      shiori_arrival_oz, layout_loops_cross, serial_forest,
          infiniplex_forest_lined_room_, infiniplex_forest_clump_medium,
          infiniplex_forest_lined_corner, infiniplex_forest_zigzag_1,
          infiniplex_forest_clump_double, infiniplex_forest_lined_3_way,
          infiniplex_forest_lined_1, infiniplex_forest_lined_2,
          infiniplex_forest_end_2, infiniplex_forest_end_3
D:2:      layout_loops_cross
D:3:      layout_loops_corners, dreamdust_ecumenical_altar_grove,
          minmay_gold_behind_fungi, uniq_sigmund
D:4:      layout_rooms, serial_shops, nicolae_lakefront_shop, dk_noncrumbling_3

Skill      XL: |  1  2  3  4  5 |
---------------+----------------+-----
Axes           | 2 3 4 5 |  5.0
Fighting       | 5 |  5.2
Armour         | |  3.2
Dodging        | |  0.1
Shields        | |  3.2

Action                     |  1- 3 |  4- 6 || total
---------------------------+-------+-------++-------
  Melee: War axe           |    95 |   118 ||   213
    Use: Scroll            |     2 |     3 ||     5
         Potion            |     4 |     2 ||     6
 Armour: Scale mail        |    49 |    55 ||   104
  Dodge: Dodged            |    43 |    50 ||    93
  Block: Buckler           |    14 |    25 ||    39

Table legend:
 A = Non-vault XP
 B = Vault XP
 C = Vault XP percentage of total XP
 D = Non-vault monster count
 E = Vault monster count
 F = Vault count percentage of total count
                 A         B        C        D         E       F
            +---------+---------+-------+---------+---------+-------
      Total |     235 |     229 |  49.4 |      61 |       3 |   4.7
            +---------+---------+-------+---------+---------+-------
        D:1 |      24 |       3 |  11.1 |      11 |       2 |  15.4
        D:2 |      47 |       0 |   0.0 |      15 |       0 |   0.0
        D:3 |     158 |     226 |  58.9 |      33 |       1 |   2.9
        D:4 |       6 |       0 |   0.0 |       2 |       0 |   0.0
            +---------+---------+-------+---------+---------+-------
